 Dungeon Crawl Stone Soup version 0.29.0-4-gdea44cf6ec (webtiles) character file.

Game seed: 1446429132517534877

32386 qw the Cleaver (level 13, -1/84 HPs)
             Began as a Gargoyle Fighter on Sept 3, 2022.
             Was a High Priest of Okawaru.
             Slain by a black mamba (9 damage)
             ... on level 5 of the Lair of Beasts.
             The game lasted 00:09:20 (13748 turns).

qw the Cleaver (Gargoyle Fighter)                  Turns: 13748, Time: 00:09:21

Health: -1/84      AC: 36    Str: 24    XL:     13   Next: 64%
Magic:  16/20      EV: 14    Int: 13    God:    Okawaru [*****.]
Gold:   614        SH:  6    Dex:  9    Spells: 12/12 levels left

rFire   + . .      SeeInvis +   m - +0 broad axe
rCold   . . .      Faith    .   c - +0 buckler
rNeg    + . .      Spirit   .   j - +4 chain mail of Wiacvice {Rampage rF+ SInv}
rPois   inf        Reflect  .   y - +2 helmet {Int+3}
rElec   +          Harm     .   e - +0 cloak
rCorr   +          Rampage  +   r - +0 pair of gloves
Will    .....                   l - +1 pair of boots
Stlth   ..........              f - amulet of regeneration
HPRegen 1.04/turn               h - +4 ring of evasion
MPRegen 0.17/turn               o - ring of resist corrosion

@: about to teleport, heroic, finesse-ful
A: sickness immunity, AC +9, negative energy resistance 1, electricity
resistance, torment resistance 1, petrification resistance
a: Renounce Religion, Heroism, Finesse, Duel


You were on level 5 of the Lair of Beasts.
You worshipped Okawaru.
Okawaru was extremely pleased with you.
You visited 3 branches of the dungeon, and saw 17 of its levels.

You collected 1033 gold pieces.
You spent 419 gold pieces at shops.


Innate Abilities, Weirdness & Mutations

You are immune to sickness and miasma.
Your stone body is resilient. (AC +9)
You are immune to poison.
You resist negative energy. (rN+)
You are resistant to electric shocks. (rElec)
You are resistant to unholy torment.
You are immune to petrification.


   Skills:
 - Level 11.1(16.1) Fighting
 - Level 14.0(19.0) Axes
 - Level 4.3(9.3) Throwing
 + Level 9.2(14.2) Armour
 - Level 2.1(7.1) Dodging
 - Level 7.1(12.1) Shields
 - Level 10.0 Invocations


You had 12 spell levels left.
You didn't know any spells.
Your spell library was empty.

Inventory:

Hand Weapons
 k - a +4 morningstar
 m - a +0 broad axe (weapon)
Missiles
 w - 3 boomerangs (quivered)
Armour
 c - a +0 buckler (worn)
 e - a +0 cloak (worn)
 j - the +4 chain mail of Wiacvice (worn) {Rampage rF+ SInv}
   (You found it on level 2 of the Lair of Beasts)

   rF:        It protects you from fire.
   SInv:      It lets you see invisible.
   Rampage:   It bestows one free step when moving towards enemies.
 l - a +1 pair of boots (worn)
 r - a +0 pair of gloves (worn)
 y - a +2 helmet of intelligence (worn)
Jewellery
 f - an amulet of regeneration (around neck)
 h - a +4 ring of evasion (left hand)
 n - a ring of see invisible
 o - a ring of resist corrosion (right hand)
 p - a +6 ring of intelligence
 s - a ring of ice
Wands
 i - a wand of digging (3)
Scrolls
 a - 9 scrolls of identify
 q - 10 scrolls of teleportation
Potions
 b - a potion of magic
 d - 4 potions of might
 g - 3 potions of mutation
 t - a potion of haste
 u - 2 potions of curing
 v - 2 potions of resistance

Dungeon Overview and Level Annotations

Branches:
Dungeon (11/15)            Temple (1/1) D:5            Lair (5/5) D:11
 Shoals (0/4) Lair:2       Spider (0/4) Lair:3        Slime (0/5) Lair:4
    Orc (0/2) D:10

Altars:
Ashenzari
Cheibriados
Dithmenos
Elyvilon
Fedhas
Gozag
Hepliaklqana
Kikubaaqudgha
Makhleb
Nemelex Xobeh
Okawaru
Qazlal
Ru
Sif Muna
Trog
Uskayaw
Vehumet
Wu Jian
Xom
Yredelemnul
Zin
The Shining One
Jiyva

Shops:
D:6 *   D:9 *   D:11 ?

Annotations:
D:1 1 runed translucent door
D:6 1 runed translucent door, Crazy Yiuf
D:8 1 runed translucent door, qw's ghost, novice TrCA
Lair:1 3 runed translucent doors, qw's ghost, novice TeWr


Message History

You barely miss the death yak. You slash the death yak!
You kill the death yak!
Okawaru accepts your kill.
You hit the death yak. You slash the death yak!
The death yak is severely wounded.
The death yak gores you but does no damage.
You hit the death yak but do no damage.
The death yak is severely wounded.
You hit the death yak but do no damage.
The death yak is severely wounded.
You slice the death yak!!
The death yak is almost dead.
Your surroundings suddenly seem different.
A black mamba comes into view.
Found a potion of might.
The black mamba hisses angrily.
Throw: 3 boomerangs
Press: ? - help, Q - select action Shift-Dir - straight line, f - black mamba You throw a boomerang.
The boomerang hits the black mamba!
The black mamba is heavily wounded.
You start resting.
A black mamba is nearby!
Throw: 3 boomerangs
Press: ? - help, Q - select action Shift-Dir - straight line, f/p - black mamba You throw a boomerang.
The boomerang barely misses the black mamba.
Throw: 3 boomerangs
Press: ? - help, Q - select action Shift-Dir - straight line, f/p - black mamba You throw a boomerang.
The boomerang closely misses the black mamba.
13747 ||| READING 11 scrolls of teleportation.
As you read the scroll of teleportation, it crumbles to dust.
You feel strangely unstable. The black mamba bites you.
You closely miss the black mamba.
The black mamba is moderately wounded.
The black mamba bites you!
You die...

#...#.P(............##
#.........
###.##..............#
#.........
.#.#...............#
##........
#...................#
##........
.........#.........###
#.........
.).....#####.....###
#####..... .......#
###...... #......
......## ........#
#.##..)..) ....P#
......S@# #..%.....#
..... ......###
#...Y%...# ....!
#........#. ....
##......... ...
#........# ..
.........P .
...........
.(..........


You could see a black mamba.

Vanquished Creatures
  Gastronok (Lair:1)
  2 hydras
  A two-headed ogre (D:11)
  A boulder beetle (Lair:5)
  9 death yaks
  A manticore (Lair:2)
  6 elephants (Lair:4)
  Maurice (D:9)
  2 black mambas
  6 cane toads
  2 rime drakes
  3 kobold demonologists (D:11)
  7 komodo dragons
  4 trolls
  A wind drake (Lair:2)
  A hornet (D:8)
  8 blink frogs
  A jumping spider (Lair:3)
  A culicivora (Lair:3)
  A shadow (D:9)
  18 yaks
  A vampire (D:11)
  8 wyverns
  Grum (D:10)
  3 basilisks
  Eustachio (D:6)
  6 vampire mosquitoes (Lair:2)
  A steam dragon (D:9)
  14 water moccasins
  Edmund (D:6)
  3 sky beasts (D:7)
  3 ice beasts
  4 black bears
  2 orc warriors
  An ogre (D:5)
  2 wolves (D:10)
  6 centaurs
  3 phantoms
  7 kobold brigands
  2 gnoll sergeants
  16 bullfrogs
  A necrophage (D:7)
  4 scorpions (D:6)
  4 wights (D:8)
  5 electric eels (D:7)
  4 howler monkeys
  2 jellies
  A hound (D:6)
  5 orc priests
  3 iguanas
  8 orc wizards
  12 adders
  13 gnolls
  4 white imps
  An ufetubus (D:6)
  A worm (D:2)
  4 dart slugs
  47 orcs
  5 ball pythons
  5 bats (D:1)
  10 endoplasms
  6 giant cockroaches
  9 goblins
  9 hobgoblins
  3 jackals (D:1)
  3 quokkas
  6 frilled lizards
  17 kobolds
  7 rats
361 creatures vanquished.

Vanquished Creatures (others)
  A kobold (D:9)
  37 fungi
  36 plants
74 creatures vanquished.

Grand Total: 435 creatures vanquished

Notes
Turn   | Place    | Note
-------+----------+-------------------------------------------
     0 | D:1      | qw the Gargoyle Fighter began the quest for the Orb.
     0 | D:1      | Reached XP level 1. HP: 14/14 MP: 1/1
     0 | D:1      | 0 ||| qw: Version: 0.1-a-102-g441f92d
     0 | D:1      | 0 ||| qw: Game counter: 5277
     0 | D:1      | 0 ||| qw: Always use a shield: true
     0 | D:1      | 0 ||| qw: God list: Okawaru
     0 | D:1      | 0 ||| qw: Allow faded altars: false
     0 | D:1      | 0 ||| qw: Do Orc after D:15 true
     0 | D:1      | 0 ||| qw: Do second Lair branch before Depths: true
     0 | D:1      | 0 ||| qw: Lair rune preference: random
     0 | D:1      | 0 ||| qw: Plans: Normal
     0 | D:1      | 0 ||| PLANNING D:1-11
     6 | D:1      | Found a runed translucent door.
     6 | D:1      | Noticed a jelly
    24 | D:1      | Reached skill level 2 in Axes
   229 | D:1      | Reached XP level 2. HP: 19/19 MP: 2/2
   354 | D:1      | 354 ||| Stepping ~*~*~tactically~*~*~ (stealth).
   356 | D:1      | 356 ||| Stepping ~*~*~tactically~*~*~ (stealth).
   361 | D:1      | 361 ||| Stepping ~*~*~tactically~*~*~ (stealth).
   531 | D:1      | 531 ||| Stepping ~*~*~tactically~*~*~ (stealth).
   534 | D:1      | 534 ||| Stepping ~*~*~tactically~*~*~ (stealth).
   541 | D:1      | Reached skill level 3 in Axes
   544 | D:1      | Reached XP level 3. HP: 19/23 MP: 3/3
   651 | D:1      | Found a faded altar of an unknown god.
   910 | D:1      | 910 ||| Stepping ~*~*~tactically~*~*~ (stealth).
  1133 | D:1      | 1133 ||| UPGRADING to +0 chain mail.
  1143 | D:1      | 1143 ||| DROPPING +0 scale mail.
  1144 | D:1      | 1144 ||| UPGRADING to ring of resist corrosion.
  1145 | D:1      | 1145 ||| READING 2 scrolls labelled CEYFE US FOMNA.
  1146 | D:1      | 1146 ||| READING scroll labelled PUOSITSOMI.
  1147 | D:1      | 1147 ||| DRINKING 2 gluggy clear potions.
  1148 | D:1      | 1148 ||| DROPPING potion of degeneration.
  1236 | D:2      | Reached XP level 4. HP: 22/28 MP: 4/4
  1379 | D:2      | Reached skill level 4 in Axes
  1742 | D:2      | 1742 ||| Stepping ~*~*~tactically~*~*~ (hiding).
  1743 | D:2      | 1743 ||| Stepping ~*~*~tactically~*~*~ (hiding).
  1886 | D:2      | 1886 ||| Stepping ~*~*~tactically~*~*~ (hiding).
  2164 | D:2      | 2164 ||| UPGRADING to ring of see invisible.
  2165 | D:2      | 2165 ||| READING scroll labelled BIBROFF ENOUTO.
  2166 | D:2      | 2166 ||| READING scroll labelled KUFAENO RENAW.
  2167 | D:2      | 2167 ||| DRINKING 2 lumpy orange potions.
  2168 | D:2      | 2168 ||| DROPPING potion of flight.
  2300 | D:3      | 2300 ||| Stepping ~*~*~tactically~*~*~ (hiding).
  2436 | D:3      | 2436 ||| FLEEEEING.
  2437 | D:3      | 2437 ||| FLEEEEING.
  2438 | D:3      | 2438 ||| FLEEEEING.
  2439 | D:3      | 2439 ||| FLEEEEING.
  2440 | D:3      | 2440 ||| FLEEEEING.
  2441 | D:3      | 2441 ||| FLEEEEING.
  2442 | D:3      | 2442 ||| FLEEEEING.
  2443 | D:3      | 2443 ||| FLEEEEING.
  2444 | D:3      | 2444 ||| FLEEEEING.
  2445 | D:3      | 2445 ||| FLEEEEING.
  2446 | D:3      | 2446 ||| FLEEEEING.
  2447 | D:3      | 2447 ||| FLEEEEING.
  2448 | D:3      | 2448 ||| FLEEEEING.
  2449 | D:3      | 2449 ||| FLEEEEING.
  2450 | D:3      | 2450 ||| FLEEEEING.
  2451 | D:3      | 2451 ||| FLEEEEING.
  2452 | D:3      | 2452 ||| FLEEEEING.
  2453 | D:3      | 2453 ||| FLEEEEING.
  2457 | D:3      | 2457 ||| FLEEEEING.
  2458 | D:3      | 2458 ||| STAIRDANCE
  2506 | D:2      | 2506 ||| READING scroll labelled JEUXOUGRYNT.
  2573 | D:3      | 2573 ||| DROPPING +0 club.
  2636 | D:3      | 2636 ||| Stepping ~*~*~tactically~*~*~ (stealth).
  2761 | D:3      | Reached XP level 5. HP: 31/32 MP: 5/5
  3045 | D:3      | 3045 ||| UPGRADING to amulet of regeneration.
  3068 | D:4      | 3068 ||| Stepping ~*~*~tactically~*~*~ (stealth).
  3073 | D:4      | 3073 ||| Stepping ~*~*~tactically~*~*~ (stealth).
  3137 | D:4      | 3137 ||| Stepping ~*~*~tactically~*~*~ (hiding).
  3164 | D:4      | Reached skill level 5 in Axes
  3299 | D:4      | Found a sparkling altar of Nemelex Xobeh.
  3610 | D:4      | 3610 ||| Stepping ~*~*~tactically~*~*~ (hiding).
  3733 | D:4      | 3733 ||| UPGRADING to +4 ring of evasion.
  3735 | D:4      | 3735 ||| READING 2 scrolls labelled NAECIKEIGA.
  3736 | D:4      | 3736 ||| READING scroll labelled MIREXZ FATH.
  3737 | D:4      | 3737 ||| READING scroll labelled IRAUDE TYRY.
  3738 | D:4      | 3738 ||| READING 2 scrolls of identify.
  3738 | D:4      | 3738 ||| IDENTIFYING coppery potion
  3739 | D:4      | 3739 ||| DROPPING potion of magic.
  3740 | D:4      | 3740 ||| DROPPING scroll of fog.
  3756 | D:5      | Entered Level 5 of the Dungeon
  3760 | D:5      | Reached XP level 6. HP: 38/38 MP: 6/6
  3783 | D:5      | HP: 9/38 [gnoll sergeant/+0 spear (3)]
  3785 | D:5      | HP: 3/38 [gnoll sergeant/+0 spear (9)]
  3786 | D:5      | Reached skill level 6 in Axes
  3794 | D:5      | Reached skill level 1 in Dodging
  3859 | D:5      | 3859 ||| Stepping ~*~*~tactically~*~*~ (stealth).
  3860 | D:5      | 3860 ||| Stepping ~*~*~tactically~*~*~ (stealth).
  3860 | D:5      | Found a shadowy altar of Dithmenos.
  3866 | D:5      | 3866 ||| Stepping ~*~*~tactically~*~*~ (stealth).
  3868 | D:5      | 3868 ||| Stepping ~*~*~tactically~*~*~ (hiding).
  3873 | D:5      | Reached XP level 7. HP: 43/43 MP: 7/7
  3959 | D:5      | 3959 ||| Stepping ~*~*~tactically~*~*~ (stealth).
  3962 | D:5      | 3962 ||| Stepping ~*~*~tactically~*~*~ (stealth).
  3969 | D:5      | Reached skill level 7 in Axes
  4030 | D:5      | Reached XP level 8. HP: 50/50 MP: 8/8
  4147 | D:5      | Found a staircase to the Ecumenical Temple.
  4148 | D:5      | 4148 ||| PLANNING TEMPLE
  4148 | D:5      | 4148 ||| UPGRADING to +0 pair of boots.
  4153 | D:5      | 4153 ||| READING scroll of enchant armour.
  4153 | D:5      | 4153 ||| ENCHANTING +0 pair of boots.
  4154 | D:5      | 4154 ||| READING scroll labelled WANACE EFUAHUE.
  4155 | D:5      | 4155 ||| DRINKING 2 metallic dark potions.
  4164 | Temple   | Entered the Ecumenical Temple
  4370 | Temple   | Became a worshipper of Warmaster Okawaru
  4371 | Temple   | 4371 ||| Stepping randomly (stuck).
  4372 | Temple   | 4372 ||| PLANNING D:1-11
  4447 | D:6      | Reached skill level 1 in Throwing
  4453 | D:6      | Noticed Eustachio
  4479 | D:6      | Killed Eustachio
  4529 | D:6      | Reached skill level 8 in Axes
  4549 | D:6      | 4549 ||| DRINKING potion of curing.
  4549 | D:6      | 4549 ||| (to cure confusion)
  4560 | D:6      | Reached * piety under Okawaru
  4561 | D:6      | Reached skill level 6 in Fighting
  4581 | D:6      | Reached skill level 1 in Invocations
  4667 | D:6      | Found a runed translucent door.
  4668 | D:6      | Noticed Crazy Yiuf
  4701 | D:6      | Noticed Edmund
  4702 | D:6      | 4702 ||| Stepping ~*~*~tactically~*~*~ (hiding).
  4706 | D:6      | 4706 ||| INVOKING Heroism.
  4713 | D:6      | Killed Edmund
  4714 | D:6      | Reached skill level 3 in Invocations
  4735 | D:6      | 4735 ||| DROPPING +0 flail.
  4815 | D:6      | 4815 ||| INVOKING Heroism.
  4820 | D:6      | Reached XP level 9. HP: 43/55 MP: 8/11
  4854 | D:6      | Found Metycyd's General Store.
  4861 | D:6      | 4861 ||| BUYING +0 pair of gloves (45 gold).
  4861 | D:6      | Bought a +0 pair of gloves for 45 gold pieces
  4906 | D:6      | 4906 ||| Stepping ~*~*~tactically~*~*~ (hiding).
  4908 | D:6      | 4908 ||| Stepping ~*~*~tactically~*~*~ (hiding).
  5129 | D:6      | 5129 ||| UPGRADING to +3 chain mail.
  5139 | D:6      | 5139 ||| DROPPING +0 chain mail.
  5140 | D:6      | 5140 ||| UPGRADING to +0 pair of gloves.
  5145 | D:6      | 5145 ||| READING scroll labelled HALEUR RIMENU.
  5208 | D:6      | 5208 ||| READING scroll labelled IMPUUR XISET.
  5395 | D:7      | 5395 ||| Stepping ~*~*~tactically~*~*~ (stealth).
  5397 | D:7      | 5397 ||| INVOKING Heroism.
  5465 | D:7      | 5465 ||| Stepping ~*~*~tactically~*~*~ (stealth).
  5467 | D:7      | 5467 ||| Stepping ~*~*~tactically~*~*~ (hiding).
  5506 | D:7      | Reached ** piety under Okawaru
  5507 | D:7      | Reached skill level 9 in Axes
  5507 | D:7      | 5507 ||| FLEEEEING.
  5537 | D:7      | 5537 ||| Stepping ~*~*~tactically~*~*~ (stealth).
  5538 | D:7      | 5538 ||| Stepping ~*~*~tactically~*~*~ (stealth).
  5594 | D:7      | 5594 ||| INVOKING Heroism.
  5620 | D:7      | Found a glowing golden altar of the Shining One.
  5765 | D:7      | 5765 ||| Stepping ~*~*~tactically~*~*~ (stealth).
  5790 | D:7      | 5790 ||| Stepping ~*~*~tactically~*~*~ (stealth).
  5791 | D:7      | 5791 ||| Stepping ~*~*~tactically~*~*~ (stealth).
  6194 | D:7      | 6194 ||| INVOKING Heroism.
  6250 | D:7      | 6250 ||| Stepping ~*~*~tactically~*~*~ (stealth).
  6251 | D:7      | 6251 ||| INVOKING Heroism.
  6268 | D:7      | 6268 ||| UPGRADING to +0 plate armour.
  6278 | D:7      | 6278 ||| DROPPING +3 chain mail.
  6279 | D:7      | 6279 ||| READING scroll labelled GELUXA YROIBRUJYIXT.
  6280 | D:7      | 6280 ||| DRINKING 2 lumpy pink potions.
  6308 | D:8      | 6308 ||| INVOKING Heroism.
  6328 | D:8      | 6328 ||| DROPPING +2 flail of venom.
  6384 | D:8      | Reached skill level 6 in Armour
  6399 | D:8      | 6399 ||| INVOKING Heroism.
  6612 | D:8      | Found a hazy altar of Hepliaklqana.
  6639 | D:8      | Found a sacrificial altar of Ru.
  6653 | D:8      | Found a basalt altar of Yredelemnul.
  6675 | D:8      | Found a shimmering altar of Xom.
  6730 | D:8      | 6730 ||| Stepping ~*~*~tactically~*~*~ (hiding).
  6731 | D:8      | 6731 ||| Stepping ~*~*~tactically~*~*~ (hiding).
  6737 | D:8      | Reached XP level 10. HP: 62/63 MP: 13/13
  6895 | D:8      | Found a runed translucent door.
  6901 | D:8      | Reached *** piety under Okawaru
  6902 | D:8      | Reached skill level 10 in Axes
  6988 | D:8      | Noticed qw's ghost (novice TrCA)
  6990 | D:8      | 6990 ||| READING scroll labelled URASAOCVEU.
  6991 | D:8      | 6991 ||| READING 4 scrolls of identify.
  6991 | D:8      | 6991 ||| IDENTIFYING fizzy coppery potion
  6992 | D:8      | 6992 ||| READING 3 scrolls of identify.
  6992 | D:8      | 6992 ||| IDENTIFYING white potion
  6993 | D:8      | 6993 ||| READING 2 scrolls of identify.
  6993 | D:8      | 6993 ||| IDENTIFYING fuming black potion
  6994 | D:8      | 6994 ||| DROPPING potion of ambrosia.
  6995 | D:8      | 6995 ||| DROPPING potion of invisibility.
  7028 | D:9      | 7028 ||| Stepping ~*~*~tactically~*~*~ (hiding).
  7029 | D:9      | 7029 ||| Stepping ~*~*~tactically~*~*~ (hiding).
  7031 | D:9      | 7031 ||| INVOKING Heroism.
  7034 | D:9      | 7034 ||| Stepping ~*~*~tactically~*~*~ (hiding).
  7109 | D:9      | Found Letueska's General Store.
  7117 | D:9      | 7117 ||| BUYING scroll of teleportation (33 gold).
  7117 | D:9      | Bought a scroll of teleportation for 33 gold pieces
  7117 | D:9      | 7117 ||| BUYING wand of digging (3) (138 gold).
  7117 | D:9      | Bought a wand of digging (3) for 138 gold pieces
  7118 | D:9      | Noticed Maurice
  7132 | D:9      | 7132 ||| DRINKING potion of cancellation.
  7137 | D:9      | Killed Maurice
  7146 | D:9      | Found a glowing silver altar of Zin.
  7245 | D:9      | 7245 ||| Stepping ~*~*~tactically~*~*~ (stealth).
  7247 | D:9      | 7247 ||| Stepping ~*~*~tactically~*~*~ (stealth).
  7249 | D:9      | 7249 ||| Stepping ~*~*~tactically~*~*~ (stealth).
  7255 | D:9      | 7255 ||| INVOKING Heroism.
  7342 | D:9      | 7342 ||| Stepping ~*~*~tactically~*~*~ (stealth).
  7408 | D:9      | 7408 ||| Stepping ~*~*~tactically~*~*~ (stealth).
  7411 | D:9      | 7411 ||| Stepping ~*~*~tactically~*~*~ (stealth).
  7415 | D:9      | 7415 ||| Stepping ~*~*~tactically~*~*~ (stealth).
  7440 | D:9      | Reached **** piety under Okawaru
  7440 | D:9      | Received a gift from Okawaru
  7903 | D:9      | 7903 ||| UPGRADING to +0 cloak.
  7908 | D:9      | 7908 ||| READING 3 scrolls of identify.
  7908 | D:9      | 7908 ||| IDENTIFYING brown potion
  7909 | D:9      | 7909 ||| DROPPING potion of lignification.
  7949 | D:10     | Entered Level 10 of the Dungeon
  7956 | D:10     | 7956 ||| Stepping ~*~*~tactically~*~*~ (stealth).
  7961 | D:10     | 7961 ||| Stepping ~*~*~tactically~*~*~ (stealth).
  7966 | D:10     | 7966 ||| INVOKING Heroism.
  7971 | D:10     | Noticed Grum
  7972 | D:10     | 7972 ||| Stepping ~*~*~tactically~*~*~ (stealth).
  7976 | D:10     | 7976 ||| Stepping ~*~*~tactically~*~*~ (stealth).
  7986 | D:10     | 7986 ||| Stepping ~*~*~tactically~*~*~ (hiding).
  7994 | D:10     | Killed Grum
  8135 | D:10     | 8135 ||| Stepping ~*~*~tactically~*~*~ (stealth).
  8137 | D:10     | Found a staircase to the Orcish Mines.
  8138 | D:10     | 8138 ||| Stepping ~*~*~tactically~*~*~ (stealth).
  8140 | D:10     | 8140 ||| Stepping ~*~*~tactically~*~*~ (hiding).
  8146 | D:10     | 8146 ||| INVOKING Heroism.
  8165 | D:10     | Reached skill level 3 in Throwing
  8365 | D:10     | 8365 ||| Stepping ~*~*~tactically~*~*~ (stealth).
  8367 | D:10     | 8367 ||| Stepping ~*~*~tactically~*~*~ (stealth).
  8392 | D:10     | 8392 ||| READING scroll of enchant weapon.
  8392 | D:10     | 8392 ||| ENCHANTING +1 war axe of freezing.
  8498 | D:10     | 8498 ||| INVOKING Heroism.
  8503 | D:10     | Reached skill level 6 in Invocations
  8617 | D:10     | 8617 ||| INVOKING Heroism.
  8628 | D:10     | Received a gift from Okawaru
  8629 | D:10     | Reached XP level 11. HP: 63/68 MP: 13/15
  8749 | D:10     | 8749 ||| READING scroll labelled BUHEEN MEAWUGA.
  8811 | D:11     | 8811 ||| Stepping ~*~*~tactically~*~*~ (hiding).
  8812 | D:11     | 8812 ||| Stepping ~*~*~tactically~*~*~ (hiding).
  8814 | D:11     | 8814 ||| Stepping ~*~*~tactically~*~*~ (hiding).
  8816 | D:11     | 8816 ||| INVOKING Heroism.
  8839 | D:11     | Noticed a soul eater
  8884 | D:11     | 8884 ||| INVOKING Heroism.
  8946 | D:11     | Reached skill level 11 in Axes
  8948 | D:11     | Received a gift from Okawaru
  8995 | D:11     | 8995 ||| Stepping ~*~*~tactically~*~*~ (hiding).
  9004 | D:11     | 9004 ||| INVOKING Heroism.
  9014 | D:11     | 9014 ||| Stepping ~*~*~tactically~*~*~ (stealth).
  9017 | D:11     | 9017 ||| Stepping ~*~*~tactically~*~*~ (stealth).
  9028 | D:11     | Found a staircase to the Lair.
  9094 | D:11     | 9094 ||| INVOKING Heroism.
  9195 | D:11     | 9195 ||| INVOKING Heroism.
  9202 | D:11     | Noticed a two-headed ogre
  9208 | D:11     | Killed a two-headed ogre
  9208 | D:11     | Reached ***** piety under Okawaru
  9208 | D:11     | Received a gift from Okawaru
  9229 | D:11     | Found Keacil's Magic Scroll Boutique.
  9237 | D:11     | 9237 ||| BUYING scroll of enchant weapon (105 gold).
  9237 | D:11     | Bought a scroll of enchant weapon for 105 gold pieces
  9237 | D:11     | 9237 ||| BUYING scroll of identify (28 gold).
  9237 | D:11     | Bought a scroll of identify for 28 gold pieces
  9237 | D:11     | 9237 ||| BUYING scroll of identify (28 gold).
  9237 | D:11     | Bought a scroll of identify for 28 gold pieces
  9237 | D:11     | 9237 ||| BUYING scroll of teleportation (42 gold).
  9237 | D:11     | Bought a scroll of teleportation for 42 gold pieces
  9237 | D:11     | 9237 ||| READING scroll of enchant weapon.
  9237 | D:11     | 9237 ||| ENCHANTING +2 war axe of freezing.
  9255 | D:11     | 9255 ||| Stepping ~*~*~tactically~*~*~ (stealth).
  9281 | D:11     | 9281 ||| Stepping ~*~*~tactically~*~*~ (stealth).
  9282 | D:11     | 9282 ||| Stepping ~*~*~tactically~*~*~ (stealth).
  9284 | D:11     | 9284 ||| INVOKING Heroism.
  9584 | D:11     | 9584 ||| PLANNING LAIR
  9584 | D:11     | 9584 ||| READING scroll labelled OKLUES CUECW.
  9622 | Lair:1   | Entered Level 1 of the Lair of Beasts
  9781 | Lair:1   | Noticed Gastronok
  9782 | Lair:1   | 9782 ||| INVOKING Heroism.
  9799 | Lair:1   | Killed Gastronok
  9799 | Lair:1   | Received a gift from Okawaru
  9800 | Lair:1   | Reached skill level 9 in Invocations
  9858 | Lair:1   | Noticed a four-headed hydra
  9859 | Lair:1   | 9859 ||| INVOKING Heroism.
  9860 | Lair:1   | 9860 ||| INVOKING Finesse.
  9862 | Lair:1   | 9862 ||| SWAPPING to +4 morningstar.
  9868 | Lair:1   | Killed a four-headed hydra
  9868 | Lair:1   | Received a gift from Okawaru
  9869 | Lair:1   | 9869 ||| SWAPPING to +3 war axe of freezing.
 10012 | Lair:1   | Found a runed translucent gate.
 10012 | Lair:1   | Found a runed translucent gate.
 10012 | Lair:1   | Found a runed translucent gate.
 10016 | Lair:1   | 10016 ||| Stepping ~*~*~tactically~*~*~ (stealth).
 10017 | Lair:1   | 10017 ||| Stepping ~*~*~tactically~*~*~ (stealth).
 10018 | Lair:1   | 10018 ||| Stepping ~*~*~tactically~*~*~ (stealth).
 10019 | Lair:1   | 10019 ||| INVOKING Heroism.
 10027 | Lair:1   | Reached XP level 12. HP: 75/75 MP: 17/19
 10092 | Lair:1   | Reached skill level 9 in Fighting
 10127 | Lair:1   | 10127 ||| Stepping ~*~*~tactically~*~*~ (stealth).
 10128 | Lair:1   | 10128 ||| Stepping ~*~*~tactically~*~*~ (stealth).
 10130 | Lair:1   | 10130 ||| Stepping ~*~*~tactically~*~*~ (stealth).
 10246 | Lair:1   | Noticed qw's ghost (novice TeWr)
 10532 | Lair:1   | 10532 ||| READING 8 scrolls of identify.
 10532 | Lair:1   | 10532 ||| IDENTIFYING fizzy golden potion
 10560 | Lair:2   | 10560 ||| INVOKING Heroism.
 10561 | Lair:2   | 10561 ||| STAIRDANCE
 10617 | Lair:2   | 10617 ||| STAIRDANCE
 10680 | Lair:2   | 10680 ||| INVOKING Heroism.
 10684 | Lair:2   | 10684 ||| STAIRDANCE
 10737 | Lair:2   | 10737 ||| INVOKING Heroism.
 10739 | Lair:2   | 10739 ||| STAIRDANCE
 10794 | Lair:2   | 10794 ||| STAIRDANCE
 10796 | Lair:1   | 10796 ||| INVOKING Heroism.
 10857 | Lair:2   | 10857 ||| INVOKING Heroism.
 10876 | Lair:2   | Identified the +4 chain mail of Wiacvice {Rampage rF+ SInv}
 11096 | Lair:2   | 11096 ||| Stepping ~*~*~tactically~*~*~ (hiding).
 11105 | Lair:2   | 11105 ||| INVOKING Heroism.
 11110 | Lair:2   | Found a staircase to the Shoals.
 11113 | Lair:2   | Received a gift from Okawaru
 11114 | Lair:2   | Reached skill level 12 in Axes
 11202 | Lair:2   | 11202 ||| INVOKING Heroism.
 11489 | Lair:2   | 11489 ||| INVOKING Heroism.
 11521 | Lair:2   | Reached skill level 9 in Armour
 11559 | Lair:2   | 11559 ||| INVOKING Heroism.
 11590 | Lair:2   | 11590 ||| FLEEEEING.
 11592 | Lair:2   | 11592 ||| FLEEEEING.
 11593 | Lair:2   | 11593 ||| FLEEEEING.
 11594 | Lair:2   | 11594 ||| FLEEEEING.
 11595 | Lair:2   | 11595 ||| FLEEEEING.
 11596 | Lair:2   | 11596 ||| FLEEEEING.
 11597 | Lair:2   | 11597 ||| FLEEEEING.
 11598 | Lair:2   | 11598 ||| FLEEEEING.
 11599 | Lair:2   | 11599 ||| FLEEEEING.
 11600 | Lair:2   | 11600 ||| FLEEEEING.
 11601 | Lair:2   | 11601 ||| FLEEEEING.
 11602 | Lair:2   | 11602 ||| FLEEEEING.
 11603 | Lair:2   | 11603 ||| FLEEEEING.
 11604 | Lair:2   | 11604 ||| FLEEEEING.
 11605 | Lair:2   | 11605 ||| FLEEEEING.
 11606 | Lair:2   | 11606 ||| FLEEEEING.
 11607 | Lair:2   | 11607 ||| FLEEEEING.
 11608 | Lair:2   | 11608 ||| FLEEEEING.
 11609 | Lair:2   | 11609 ||| FLEEEEING.
 11610 | Lair:2   | 11610 ||| FLEEEEING.
 11611 | Lair:2   | 11611 ||| FLEEEEING.
 11679 | Lair:2   | 11679 ||| UPGRADING to +4 chain mail of Wiacvice {Rampage
                  | rF+ SInv}.
 11689 | Lair:2   | 11689 ||| REMOVING ring of see invisible.
 11690 | Lair:2   | 11690 ||| DROPPING +0 plate armour.
 11691 | Lair:2   | 11691 ||| UPGRADING to +2 helmet of intelligence.
 11697 | Lair:2   | 11697 ||| UPGRADING to ring of resist corrosion.
 11698 | Lair:2   | 11698 ||| READING 7 scrolls of identify.
 11698 | Lair:2   | 11698 ||| IDENTIFYING pink potion
 11699 | Lair:2   | 11699 ||| DROPPING potion of attraction.
 11708 | Lair:3   | 11708 ||| INVOKING Heroism.
 11711 | Lair:3   | 11711 ||| STAIRDANCE
 11731 | Lair:3   | 11731 ||| STAIRDANCE
 11733 | Lair:2   | 11733 ||| INVOKING Heroism.
 11799 | Lair:3   | Reached skill level 6 in Shields
 11804 | Lair:3   | 11804 ||| SWAPPING to +0 broad axe.
 11805 | Lair:3   | 11805 ||| DROPPING +3 war axe of freezing.
 12055 | Lair:3   | 12055 ||| Stepping ~*~*~tactically~*~*~ (hiding).
 12079 | Lair:3   | Found a hole to the Spider Nest.
 12513 | Lair:4   | 12513 ||| INVOKING Heroism.
 12520 | Lair:4   | 12520 ||| Stepping ~*~*~tactically~*~*~ (stealth).
 12521 | Lair:4   | 12521 ||| Stepping ~*~*~tactically~*~*~ (stealth).
 12589 | Lair:4   | Noticed a death yak
 12590 | Lair:4   | 12590 ||| INVOKING Heroism.
 12591 | Lair:4   | 12591 ||| INVOKING Finesse.
 12596 | Lair:4   | Noticed a death yak
 12599 | Lair:4   | Killed a death yak
 12618 | Lair:4   | Killed a death yak
 12622 | Lair:4   | 12622 ||| Stepping ~*~*~tactically~*~*~ (stealth).
 12657 | Lair:4   | Reached skill level 13 in Axes
 12657 | Lair:4   | Reached XP level 13. HP: 82/82 MP: 18/20
 12663 | Lair:4   | 12663 ||| Stepping ~*~*~tactically~*~*~ (stealth).
 12664 | Lair:4   | 12664 ||| Stepping ~*~*~tactically~*~*~ (stealth).
 12665 | Lair:4   | 12665 ||| Stepping ~*~*~tactically~*~*~ (stealth).
 12683 | Lair:4   | 12683 ||| Stepping ~*~*~tactically~*~*~ (stealth).
 12685 | Lair:4   | 12685 ||| INVOKING Heroism.
 12686 | Lair:4   | 12686 ||| INVOKING Finesse.
 12760 | Lair:4   | 12760 ||| INVOKING Heroism.
 12781 | Lair:4   | Received a gift from Okawaru
 12793 | Lair:4   | Found a staircase to the Slime Pits.
 12795 | Lair:4   | Found a viscous altar of Jiyva.
 12808 | Lair:4   | 12808 ||| INVOKING Heroism.
 12809 | Lair:4   | 12809 ||| INVOKING Finesse.
 12812 | Lair:4   | 12812 ||| SWAPPING to +4 morningstar.
 12824 | Lair:4   | 12824 ||| SWAPPING to +0 broad axe.
 13258 | Lair:4   | 13258 ||| DROPPING amulet of guardian spirit.
 13276 | Lair:5   | Entered Level 5 of the Lair of Beasts
 13281 | Lair:5   | 13281 ||| STAIRDANCE
 13291 | Lair:5   | 13291 ||| INVOKING Heroism.
 13292 | Lair:5   | 13292 ||| INVOKING Finesse.
 13319 | Lair:5   | 13319 ||| Stepping ~*~*~tactically~*~*~ (stealth).
 13320 | Lair:5   | 13320 ||| Stepping ~*~*~tactically~*~*~ (stealth).
 13326 | Lair:5   | 13326 ||| INVOKING Finesse.
 13327 | Lair:5   | 13327 ||| INVOKING Heroism.
 13334 | Lair:5   | Reached skill level 14 in Axes
 13416 | Lair:5   | 13416 ||| Stepping ~*~*~tactically~*~*~ (stealth).
 13417 | Lair:5   | 13417 ||| INVOKING Heroism.
 13457 | Lair:5   | 13457 ||| Stepping ~*~*~tactically~*~*~ (stealth).
 13460 | Lair:5   | 13460 ||| Stepping ~*~*~tactically~*~*~ (stealth).
 13462 | Lair:5   | 13462 ||| Stepping ~*~*~tactically~*~*~ (stealth).
 13493 | Lair:5   | 13493 ||| INVOKING Heroism.
 13533 | Lair:5   | 13533 ||| INVOKING Heroism.
 13702 | Lair:5   | 13702 ||| INVOKING Heroism.
 13703 | Lair:5   | 13703 ||| INVOKING Finesse.
 13729 | Lair:5   | HP: 20/84 [death yak (11)]
 13730 | Lair:5   | 13730 ||| READING 12 scrolls of teleportation.
 13730 | Lair:5   | HP: 4/84 [death yak (17)]
 13747 | Lair:5   | 13747 ||| READING 11 scrolls of teleportation.
 13747 | Lair:5   | HP: 8/84 [black mamba (4)]
 13748 | Lair:5   | Slain by a black mamba

Levels and vault maps discovered:
D:1:      dpeg_arrival_caged_fury, layout_loops_cross, basic_ecumenical_altar,
          st_stairs_4, minivault_11, kennysheep_another_room
D:2:      layout_loops_ring, minmay_small_reverse_x
D:3:      layout_rooms
D:4:      layout_loops_ring, mainiacjoe_overflow_catwalk,
          hangedman_decor_growths, minmay_misc_feat_rows, due_unseen_surprise
D:5:      layout_basic, nicolae_dithmenos_shadow_blocks, temple_fountains
D:6:      layout_rooms, serial_shops, nicolae_shop_advertising_works
          [nicolae_subvault_shop_adworks], uniq_edmund, uniq_crazy_yiuf_cottage,
          uniq_eustachio
D:7:      statuecave_lemuel, layout_loops_cross, marbit_many_paths
D:8:      layout_rooms, mainiacjoe_overflow_alcove_4, minitemple,
          ebering_ghost_reflecting_pool, minmay_misc_feat_tower,
          minmay_starry_boxes
D:9:      layout_cave_pods, zin_statuary, serial_shops, shop,
          reono_crystal_passage, hex_medium, uniq_maurice
D:10:     layout_irregular_city, david_orc_2, uniq_grum
D:11:     layout_irregular_city, due_lair_maze_entry_diamond, serial_shops,
          nicolae_stop_n_shop_1
Temple:   dpeg_chambers_temple
Lair:1:   layout_chaotic_city, gammafunk_ghost_icy, uniq_gastronok
Lair:2:   layout_regular_city, minmay_shoals_entry_beasts, minmay_lindwurm_lava,
          grunt_megastairs_2
Lair:3:   layout_misc_corridors, spider_nest_entry_funnel_web, pond
Lair:4:   layout_regular_city, slime_entry_1, grunt_megastairs_4
Lair:5:   evilmike_catoblepas_cave, layout_cellular_growth,
          nicolae_lair_liquid_snakes

Skill      XL: |  1  2  3  4  5  6  7  8  9 10 11 12 13 |
---------------+----------------------------------------+-----
Axes           | 2 3 4 5 6 7 8 9 10 11 13 14 | 14.0
Fighting       | 4 5 6 7 8 10 11 | 11.1
Dodging        | 1 2 |  2.1
Throwing       | 1 3 4 |  4.3
Invocations    | 3 4 6 9 10 | 10.0
Armour         | 4 6 7 8 9 |  9.2
Shields        | 4 5 6 7 |  7.1

Action                   |  1- 3 |  4- 6 |  7- 9 | 10-12 | 13-15 || total
-------------------------+-------+-------+-------+-------+-------++-------
Melee: War axe           |   101 |   203 |   319 |   471 |       ||  1094
       Morningstar       |       |       |       |     4 |    10 ||    14
       Broad axe         |       |       |       |    88 |   160 ||   248
Throw: Boomerang         |       |       |    43 |    22 |    33 ||    98
       Javelin           |       |       |       |    71 |    19 ||    90
Invok: Heroism           |       |       |     8 |    28 |     9 ||    45
       Finesse           |       |       |       |     2 |     5 ||     7
  Use: Scroll            |     2 |     7 |     5 |    11 |     2 ||    27
       Potion            |     1 |     1 |     3 |     1 |       ||     6
Armor: Scale mail        |    41 |       |       |       |       ||    41
       Chain mail        |     8 |   110 |   152 |    98 |    55 ||   423
       Plate armour      |       |       |    25 |   217 |       ||   242
Dodge: Dodged            |    44 |    79 |   186 |   295 |    57 ||   661
Block: Buckler           |    27 |    38 |    56 |   154 |    22 ||   297

Table legend:
 A = Non-vault XP
 B = Vault XP
 C = Vault XP percentage of total XP
 D = Non-vault monster count
 E = Vault monster count
 F = Vault count percentage of total count
                 A         B        C        D         E       F
            +---------+---------+-------+---------+---------+-------
      Total |   37564 |    8703 |  18.8 |     312 |      49 |  13.6
            +---------+---------+-------+---------+---------+-------
        D:1 |      54 |       4 |   6.9 |      30 |       2 |   6.2
        D:2 |      69 |      11 |  13.8 |      21 |       4 |  16.0
        D:3 |      41 |       0 |   0.0 |      15 |       0 |   0.0
        D:4 |     139 |       0 |   0.0 |      16 |       0 |   0.0
        D:5 |     938 |       0 |   0.0 |      31 |       0 |   0.0
        D:6 |     980 |     345 |  26.0 |      26 |       2 |   7.1
        D:7 |    1405 |     125 |   8.2 |      26 |       1 |   3.7
        D:8 |     730 |     275 |  27.4 |      12 |       4 |  25.0
        D:9 |    1801 |     496 |  21.6 |      21 |       1 |   4.5
       D:10 |    1343 |     578 |  30.1 |      14 |      10 |  41.7
       D:11 |    3670 |    1521 |  29.3 |      20 |       9 |  31.0
     Lair:1 |    3987 |    2368 |  37.3 |      17 |       4 |  19.0
     Lair:2 |    2877 |    2174 |  43.0 |      16 |       9 |  36.0
     Lair:3 |    1149 |     479 |  29.4 |       7 |       2 |  22.2
     Lair:4 |    9944 |     327 |   3.2 |      21 |       1 |   4.5
     Lair:5 |    8437 |       0 |   0.0 |      19 |       0 |   0.0
            +---------+---------+-------+---------+---------+-------
